 Dungeon Crawl Stone Soup version 0.21.1-1-g345015f (webtiles) character file.

230 aMcNicky the Skirmisher (level 6, -1/56 HPs)
             Began as a Hill Orc Fighter on Mar 3, 2018.
             Slain by a worm (5 damage)
             ... on level 3 of the Dungeon.
             The game lasted 00:08:16 (2153 turns).

aMcNicky the Skirmisher (Hill Orc Fighter)          Turns: 2153, Time: 00:08:16

Health: -1/56      AC:  8    Str: 26    XL:     6   Next: 3%
Magic:  6/6        EV:  7    Int:  8    God:
Gold:   125        SH: 10    Dex: 10    Spells: 5/5 levels left

rFire    . . .     SeeInvis .   a - +0 long sword
rCold    . . .     Gourm    .   c - +0 shield
rNeg     . . .     Faith    .   b - +0 scale mail
rPois    .         Spirit   .   h - +0 helmet
rElec    .         Reflect  .   (no cloak)
rCorr    .         Harm     .   (no gloves)
MR       .....                  (no boots)
Stlth    ..........             (no amulet)
HPRegen  0.18/turn              (no ring)
MPRegen  0.10/turn              (no ring)

@: mighty
A: no striking features
a: no special abilities


You were on level 3 of the Dungeon.
You were not hungry.

You visited 1 branch of the dungeon, and saw 3 of its levels.

You collected 125 gold pieces.

Inventory:

Hand Weapons
 a - a +0 long sword (weapon)
Armour
 b - a +0 scale mail (worn)
 c - a +0 shield (worn)
 h - a +0 helmet (worn)
Jewellery
 j - an uncursed ring of positive energy {unknown}
Wands
 d - a wand of random effects (36)
Scrolls
 g - 3 scrolls of identify {unknown}
 l - a scroll of fog {unknown}
 m - a scroll of enchant weapon {unknown}
 n - a scroll of teleportation {unknown}
 o - a scroll of magic mapping {unknown}
 p - a scroll of remove curse {unknown}
 r - a scroll of amnesia {unknown}
Potions
 e - a potion of mutation {unknown}
 k - 2 potions of haste {unknown}
 q - a potion of flight {unknown}
Comestibles
 f - 4 rations


   Skills:
 + Level 5.2 Fighting
 * Level 5.2 Long Blades
 - Level 3.6 Armour
 - Level 3.6 Shields


You had 5 spell levels left.
You didn't know any spells.

Dungeon Overview and Level Annotations

Branches:
Dungeon (3/15)

Altars:
Elyvilon

Portals:
Sewer: D:3


Message History

You hit the worm but do no damage.
The worm is severely wounded.
The worm bites you but does no damage. The worm bites you.
You barely miss the worm.
The worm is severely wounded.
The worm closely misses you.
You riposte.
You hit the worm but do no damage.
The worm is severely wounded.
The worm bites you.
* * * LOW HITPOINT WARNING * * *
You hit the worm.
The worm is almost dead.
The worm bites you.
* * * LOW HITPOINT WARNING * * *
You feel very mighty all of a sudden. The worm bites you.
* * * LOW HITPOINT WARNING * * *
You slash the worm!
You kill the worm!
The worm bites you.
You die...

#.# #.# #.#
#.# ##.# #..##
#...# ##...###
######..@.≈##
..........w≈##
#.###...#≈≈###
#...#≈≈#
#...#≈≈#
....##≈≈#
..####∩≈≈# ...
≈≈≈≈≈.# ..
≈≈≈≈≈≈..#


You could see a worm.

Vanquished Creatures
  Sigmund (D:2)
  3 adders (D:2)
  2 worms (D:3)
  2 dart slugs
  A leopard gecko (D:1)
  A giant cockroach (D:1)
  2 goblins
  7 hobgoblins
  2 jackals (D:2)
  3 quokkas (D:2)
  9 bats
  4 frilled lizards
  7 kobolds
  4 rats
48 creatures vanquished.

Notes
Turn   | Place    | Note
-------+----------+-------------------------------------------
     0 | D:1      | aMcNicky the Hill Orc Fighter began the quest for the Orb.
     0 | D:1      | Reached XP level 1. HP: 19/19 MP: 1/1
   238 | D:1      | Reached XP level 2. HP: 27/27 MP: 2/2
   665 | D:1      | Reached XP level 3. HP: 31/33 MP: 3/3
   896 | D:2      | Found a white marble altar of Elyvilon.
  1319 | D:2      | Reached XP level 4. HP: 21/41 MP: 4/4
  1708 | D:2      | Noticed Sigmund
  1732 | D:2      | Killed Sigmund
  1732 | D:2      | Reached skill level 5 in Fighting
  1732 | D:2      | Reached skill level 5 in Long Blades
  1732 | D:2      | Reached XP level 5. HP: 35/48 MP: 5/5
  1976 | D:2      | Reached XP level 6. HP: 52/56 MP: 6/6
  2108 | D:3      | Found a glowing drain.
  2153 | D:3      | Slain by a worm

Skill      XL: |  1  2  3  4 |
---------------+-------------+-----
Fighting       | 4 5 |  5.2
Long Blades    | 3 5 |  5.2
Armour         | |  3.6
Shields        | |  3.6

Action                   |  1- 3 |  4- 6 || total
-------------------------+-------+-------++-------
Melee: Long sword        |    99 |    83 ||   182
  Use: Potion            |       |     2 ||     2
  Eat: Chunk             |     1 |     3 ||     4
Armor: Scale mail        |    44 |    29 ||    73
Dodge: Dodged            |    48 |    15 ||    63
Block: Shield            |    64 |    30 ||    94
       Rpst.: Long sword |    12 |     7 ||    19
